 Dungeon Crawl Stone Soup version 0.22-a0-469-gf26638a (webtiles) character file.

1787 Amnesiac the Prestidigitator (level 8, -1/37 HPs)
             Began as a Spriggan Artificer on June 13, 2018.
             Was an Initiate of Gozag.
             Slain by a worker ant (4 damage)
             ... on level 8 of the Dungeon.
             The game lasted 00:16:37 (7713 turns).

Amnesiac the Prestidigitator (Spriggan Artificer)   Turns: 7713, Time: 00:16:38

Health: -1/37      AC:  2    Str: 10    XL:     8   Next: 82%
Magic:  19/19      EV: 18    Int: 13    God:    Gozag
Gold:   873        SH:  0    Dex: 16    Spells: 7/7 levels left

rFire    . . .     SeeInvis +   b - +0 hunting sling
rCold    . . .     Gourm    .   (shield restricted)
rNeg     . . .     Faith    .   q - +0 robe
rPois    .         Spirit   .   (helmet restricted)
rElec    .         Reflect  .   (no cloak)
rCorr    .         Harm     .   (gloves unavailable)
MR       +....                  (boots unavailable)
Stlth    ++........             (no amulet)
HPRegen  0.12/turn              (no ring)
MPRegen  0.16/turn              (no ring)

@: lethally poisoned (-1 -> -13), very quick
A: very small, unfitting armour, see invisible, herbivore, speed 3, slow
metabolism 2
a: Potion Petition, Call Merchant, Bribe Branch, Renounce Religion


You were on level 8 of the Dungeon.
You worshipped Gozag.
Gozag was pleased with you.
You were not hungry.

You visited 2 branches of the dungeon, and saw 8 of its levels.

You collected 981 gold pieces.
You paid 108 gold pieces to Gozag.

Inventory:

Hand Weapons
 a - a +0 short sword
 b - a +0 hunting sling (weapon)
Missiles
 v - 115 stones
 D - 4 sling bullets (quivered)
Armour
 q - a +0 robe (worn)
Jewellery
 r - a +5 ring of protection {unknown}
 y - an uncursed ring of stealth {unknown}
 A - an uncursed ring of flight {unknown}
Wands
 d - a wand of enslavement (10)
 o - a wand of paralysis (9)
 p - a wand of disintegration (3)
 E - a wand of digging (13)
Scrolls
 i - 5 scrolls of remove curse {!r, unknown}
 j - 2 scrolls of enchant weapon {!r, unknown}
 k - a scroll of vulnerability {!r, unknown}
 l - 2 scrolls of amnesia {!r, unknown}
 m - 3 scrolls of identify {!r, unknown}
 s - a scroll of immolation {!r, unknown}
 u - a scroll of blinking {!r, unknown}
 x - a scroll of magic mapping {!r, unknown}
 F - a scroll of enchant armour {!r, unknown}
 G - 2 scrolls of random uselessness {!r, unknown}
 J - a scroll of teleportation {!r, unknown}
Potions
 c - 2 potions of cancellation {!q, unknown}
 e - 2 potions of brilliance {!q, unknown}
 g - 2 potions of flight {!q, unknown}
 h - 4 potions of lignification {!q}
 n - a potion of degeneration {!q, unknown}
 t - a potion of ambrosia {!q, unknown}
 w - a potion of might {!q, unknown}
 z - 4 potions of heal wounds {!q, unknown}
 B - 3 potions of curing {!q, unknown}
 C - a potion of mutation {!q, unknown}
 H - a potion of berserk rage {!q, unknown}
 I - a potion of magic {!q, unknown}
Comestibles
 f - 10 rations


   Skills:
 - Level 0.7 Fighting
 - Level 1.1 Short Blades
 - Level 3.0 Dodging
 - Level 1.5 Stealth
 + Level 14.5 Evocations


You had 7 spell levels left.
You didn't know any spells.
Your spell library contained the following spells:

 Spells                   Type           Power        Failure   Level  Hunger
 Animate Dead             Necr           N/A          97%         4    #####..
 Pain                     Necr           #...         30%         1    ##.....
 Animate Skeleton         Necr           N/A          30%         1    ##.....
 Vampiric Draining        Necr           #.........   67%         3    ####...
 Regeneration             Chrm/Necr      #.........   67%         3    ####...


Dungeon Overview and Level Annotations

Branches:
Dungeon (6/15)             Temple (1/1) D:6

Altars:
Ashenzari
Cheibriados
Dithmenos
Fedhas
Gozag
Hepliaklqana
Kikubaaqudgha
Makhleb
Nemelex Xobeh
Okawaru
Qazlal
Ru
Sif Muna
Trog
Uskayaw
Vehumet
Wu Jian
Xom
Zin

Shops:
D:6 [::   D:8 [


Innate Abilities, Weirdness & Mutations

You are very small and have problems with some larger weapons.
You are too small for most types of armour.
You have supernaturally acute eyesight. (SInv)
You are a herbivore.
You cover ground extremely quickly.
You need to consume almost no food.


Message History

Press: ? - help, Shift-Dir - straight line, f/p - worker ant
Aim: a worker ant (lightly wounded)
You shoot a sling bullet. The sling bullet hits the worker ant.
The worker ant is moderately wounded.
Firing (i - inventory. (/) - cycle)
D - 12 sling bullets (quivered)
Press: ? - help, Shift-Dir - straight line, f/p - worker ant
Aim: a worker ant (moderately wounded)
You shoot a sling bullet.
The sling bullet hits the worker ant but does no damage.
The worker ant is moderately wounded.
Firing (i - inventory. (/) - cycle)
D - 11 sling bullets (quivered)
Press: ? - help, Shift-Dir - straight line, f/p - worker ant
Aim: a worker ant (moderately wounded)
You shoot a sling bullet.
The sling bullet closely misses the worker ant.
The worker ant bites you!
Firing (i - inventory. (/) - cycle)
D - 10 sling bullets (quivered)
Press: ? - help, Shift-Dir - straight line, f/p - worker ant
Aim: a worker ant (moderately wounded)
You shoot a sling bullet.
The sling bullet barely misses the worker ant.
The worker ant bites you.
You are poisoned.
The worker ant poisons you! The worker ant barely misses you.
Firing (i - inventory. (/) - cycle)
D - 9 sling bullets (quivered)
Press: ? - help, Shift-Dir - straight line, f/p - worker ant
Aim: a worker ant (moderately wounded)
You shoot a sling bullet.
The sling bullet hits the worker ant but does no damage.
The worker ant is moderately wounded.
You feel sick. The worker ant bites you.
Firing (i - inventory. (/) - cycle)
D - 8 sling bullets (quivered)
Press: ? - help, Shift-Dir - straight line, f/p - worker ant
Aim: a worker ant (moderately wounded)
You shoot a sling bullet. The sling bullet hits the worker ant!
The worker ant is severely wounded.
You feel sick. The worker ant barely misses you.
Firing (i - inventory. (/) - cycle)
D - 7 sling bullets (quivered)
Press: ? - help, Shift-Dir - straight line, f/p - worker ant
Aim: a worker ant (severely wounded)
You shoot a sling bullet. The sling bullet hits the worker ant.
The worker ant is almost dead.
You feel sick. The worker ant misses you. The worker ant barely misses you.
Firing (i - inventory. (/) - cycle)
D - 6 sling bullets (quivered)
Press: ? - help, Shift-Dir - straight line, f/p - worker ant
Aim: a worker ant (almost dead)
You shoot a sling bullet.
The sling bullet barely misses the worker ant.
The worker ant bites you!
* * * LOW HITPOINT WARNING * * *
You are lethally poisoned!
The worker ant poisons you!
Firing (i - inventory. (/) - cycle)
D - 5 sling bullets (quivered)
Press: ? - help, Shift-Dir - straight line, f/p - worker ant
Aim: a worker ant (almost dead)
You shoot a sling bullet.
The sling bullet hits the worker ant but does no damage.
The worker ant is almost dead.
* * * LOW HITPOINT WARNING * * *
You feel sick. The worker ant bites you!
* * * LOW HITPOINT WARNING * * *
The worker ant bites you.
You die...
Your body crumbles into a pile of gold.

(........# .(.......##
..?....%..# #..(......##
#..(......# #........#
#..a....## ########..@....#
#.....####.....# #
##....).......######## ###.
#....######..........###..#
##......## #####..........#
#........## ###...........
#.........# ##.............
#.........#
##........[.....
#........##
#...............


You could see a worker ant.

Vanquished Creatures
  Pikel (D:5)
  A hippogriff (D:8)
  A hungry ghost (D:8)
  A sky beast (D:8)
  2 slaves (D:5)
  2 ogres
  A bullfrog (D:6)
  4 howler monkeys
  2 hounds (D:3)
  2 jellies
  An orc priest (D:5)
  Natasha (thrice) (D:3)
  3 orc wizards
  2 iguanas
  3 worker ants
  2 gnolls (D:5)
  5 adders
  A river rat (D:6)
  3 shadow imps
  2 adder skeletons (D:4)
  2 worms
  4 dart slugs
  6 leopard geckos
  10 orcs
  3 giant cockroaches
  6 hobgoblins
  3 jackals
  A quokka (D:5)
  A ball python (D:8)
  6 bats
  9 frilled lizards
  7 goblins
  A kobold (D:1)
  11 rats
112 creatures vanquished.

Vanquished Creatures (collateral kills)
  A gnoll (D:5)
  4 jackals (D:6)
5 creatures vanquished.

Vanquished Creatures (others)
  An ice beast (D:8)
  A gnoll (D:5)
  5 plants (D:8)
7 creatures vanquished.

Grand Total: 124 creatures vanquished

Notes
Turn   | Place    | Note
-------+----------+-------------------------------------------
     0 | D:1      | Amnesiac the Spriggan Artificer began the quest for the Orb.
     0 | D:1      | Reached XP level 1. HP: 9/9 MP: 4/4
   116 | D:3      | You fall through a shaft for 3 floors!
   116 | D:6      | Found a staircase to the Ecumenical Temple.
   120 | Temple   | Entered the Ecumenical Temple
   189 | D:6      | Noticed a howler monkey
   204 | D:6      | Noticed a centaur
   207 | D:6      | Found Focit's Book Shop.
   207 | D:6      | Noticed a bullfrog
   232 | D:6      | Found Ilokac's Armour Shoppe.
   375 | D:6      | Killed a bullfrog
   375 | D:6      | Reached skill level 6 in Evocations
   375 | D:6      | Reached XP level 2. HP: 14/14 MP: 5/7
   375 | D:6      | Reached XP level 3. HP: 17/17 MP: 5/8
   384 | D:6      | Reached skill level 7 in Evocations
   384 | D:6      | Reached XP level 4. HP: 21/21 MP: 5/10
   532 | D:6      | Found Foimyt's Book Shoppe.
   542 | D:6      | Noticed an ogre
   545 | D:6      | Found a shattered altar of Ashenzari.
   557 | D:6      | Killed an ogre
   557 | D:6      | Reached skill level 8 in Evocations
   557 | D:6      | Reached XP level 5. HP: 8/25 MP: 10/12
   658 | D:6      | Noticed an ice beast
  1047 | D:5      | Entered Level 5 of the Dungeon
  1288 | D:5      | Reached skill level 9 in Evocations
  1288 | D:5      | Reached XP level 6. HP: 29/29 MP: 13/13
  1411 | D:5      | Found a stormy altar of Qazlal.
  1546 | Temple   | Became a worshipper of Gozag Ym Sagoz the Greedy
  1611 | D:5      | HP: 1/29 [poisoned by a worker ant]
  1921 | D:3      | Noticed Natasha
  1922 | D:3      | Killed Natasha
  2103 | D:3      | Reached skill level 10 in Evocations
  3651 | D:2      | Found an ornate altar of the Wu Jian Council.
  3869 | D:3      | Noticed Natasha
  3875 | D:3      | Killed Natasha
  3875 | D:3      | Reached XP level 7. HP: 23/32 MP: 15/15
  4290 | D:3      | Noticed Natasha
  4291 | D:3      | Killed Natasha
  4676 | D:4      | Found a hide-covered altar of Uskayaw.
  4754 | D:4      | Found a radiant altar of Vehumet.
  4937 | D:4      | Reached skill level 11 in Evocations
  6184 | D:5      | Noticed Pikel
  6187 | D:5      | Killed Pikel
  6187 | D:5      | Reached skill level 13 in Evocations
  6187 | D:5      | Reached XP level 8. HP: 37/37 MP: 16/18
  6581 | D:5      | Found a bloodstained altar of Trog.
  7115 | D:5      | You fall through a shaft for 3 floors!
  7169 | D:8      | Noticed a hippogriff
  7278 | D:8      | Killed a hippogriff
  7278 | D:8      | Reached skill level 14 in Evocations
  7548 | D:8      | Found Wetre's Armour Boutique.
  7713 | D:8      | Slain by a worker ant

Vault maps used:
D:1:      ncdulo_smallfort
D:2:      lemuel_crystal_altar, minmay_octomino_e4
D:3:      minmay_strange_pillars, serial_park_tiny_pond,
          kennysheep_generic_room_14, uniq_natasha
D:4:      lemuel_crystal_altar, vehumet_crystals
D:5:      bloody_trog, lemuel_coloured_pillars_altar, first_ration, uniq_pikel
D:6:      lemuel_ratsnest, minmay_temple_entry_enclosed_plants, serial_shops,
          kennysheep_mini, kennysheep_little_box, shop,
          hangedman_decor_clover_reticule, nicolae_ashenzari_panopticon
D:8:      david_lair_shrubbed, serial_shops, shop
Temple:   nicolae_temple_great_sept

Skill      XL: |  1  2  3  4  5  6  7  8 |
---------------+-------------------------+-----
Evocations     | 6 7 8 9 10 13 14 | 14.5
Fighting       | |  0.7
Short Blades   | |  1.1
Dodging        | |  3.0
Stealth        | |  1.5

Action                   |  1- 3 |  4- 6 |  7- 9 || total
-------------------------+-------+-------+-------++-------
Melee: Short sword       |    10 |   200 |    63 ||   273
       Unarmed           |       |    16 |       ||    16
 Fire: Hunting sling     |       |       |   298 ||   298
Evoke: Wand              |     6 |    27 |    13 ||    46
  Use: Potion            |       |     1 |       ||     1
 Stab: Paralysed         |       |     3 |       ||     3
       Sleeping          |       |     4 |       ||     4
       Distracted        |       |       |     1 ||     1
  Eat: Ration            |       |     1 |     2 ||     3
Armor: Robe              |     4 |    18 |    12 ||    34
       Skin              |       |    12 |       ||    12
Dodge: Dodged            |    16 |   224 |   147 ||   387

Table legend:
 A = Spawn XP
 B = Non-spawn XP
 C = Spawn XP percentage of total XP
 D = Spawn monster count
 E = Non-spawn monster count
 F = Spawn count percentage of total count
 G = Total turns spent on level
                    A         B        C        D         E        F      G
               +---------+---------+-------+---------+---------+-------+---------
         Total |       0 |    2554 |   0.0 |       0 |     116 |   0.0 |  7713
               +---------+---------+-------+---------+---------+-------+---------
           D:1 |       0 |      41 |   0.0 |       0 |      24 |   0.0 |   879
           D:2 |       0 |      62 |   0.0 |       0 |      21 |   0.0 |   856
           D:3 |       0 |     306 |   0.0 |       0 |      16 |   0.0 |  1111
           D:4 |       0 |     223 |   0.0 |       0 |      12 |   0.0 |  1127
           D:5 |       0 |     809 |   0.0 |       0 |      15 |   0.0 |  2121
           D:6 |       0 |     415 |   0.0 |       0 |      14 |   0.0 |   962
           D:8 |       0 |     698 |   0.0 |       0 |      14 |   0.0 |   598
               +---------+---------+-------+---------+---------+-------+---------
